Map: Abyssal Reef LE

Players

ShoWTimE - Winner!

  • Race: Protoss Protoss
  • Spawn Location: 11:00

Strange

  • Race: Protoss Protoss
  • Spawn Location: 5:00

Event: WCS Valencia 2017

VOD

Have the link to the VOD?

Description

Time

  • Played on: July 13, 2017, 9:37 a.m.
  • Length: 14:37

All games in this series

Show
View Real Time Build Order
Export as new Build Order

ShoWTimE Protoss - Winner!

Build Orders:  

Get SALT Encoding   

  12  0:00  Probe (Chrono Boost)  
  13  0:11  Probe (Chrono Boost)  
  14  0:17  Pylon  
  14  0:22  Probe (Chrono Boost)  
  16  0:36  Probe (Chrono Boost)  
  16  0:37  Gateway  
  16  0:42  Assimilator  
  16  0:46  Probe (Chrono Boost)  
  17  0:50  Assimilator  
  17  0:57  Probe (Chrono Boost)  
  18  1:07  Probe (Chrono Boost)  
  18  1:08  Gateway  
  19  1:18  Probe (Chrono Boost)  
  20  1:23  Cybernetics Core  
  20  1:28  Probe (Chrono Boost)  
  20  1:30  Pylon  
  21  1:39  Probe (Chrono Boost)  
  22  1:49  Probe (Chrono Boost)  
  23  2:00  Adept x2  
  29  2:01  Mothership Core (Chrono Boost)  
  29  2:02  Warp Gate (Chrono Boost)  
  29  2:09  Pylon  
  29  2:27  Stalker x2  
  33  2:51  Nexus  
  33  2:53  Probe  
  34  3:01  Sentry x2  
  38  3:06  Pylon  
  38  3:09  Probe  
  39  3:24  Probe  
  39  3:25  Robotics Facility  
  40  3:36  Probe  
  41  3:41  Twilight Council  
  41  3:49  Probe (Chrono Boost)  
  42  4:01  Probe (Chrono Boost)  
  43  4:03  Probe (Chrono Boost)  
  42  4:10  Observer (Chrono Boost), Phoenix  
  42  4:11  Probe (Chrono Boost)  
  42  4:13  Probe  
  42  4:16  Forge  
  43  4:18  Blink (Chrono Boost)  
  43  4:21  Pylon  
  43  4:23  Probe  
  44  4:26  Probe  
  45  4:32  Immortal  
  45  4:35  Probe  
  45  4:38  Probe  
  51  4:47  Probe  
  51  4:50  Probe  
  53  4:54  Protoss Ground Weapons Level 1 (Chrono Boost)  
  53  4:59  Probe  
  54  5:03  Nexus, Phoenix  
  54  5:05  Probe  
  55  5:10  Pylon  
  55  5:11  Probe  
  56  5:17  Probe, Immortal  
  57  5:24  Probe  
  57  5:26  Assimilator  
  62  5:28  Assimilator  
  62  5:29  Probe  
  62  5:32  Sentry  
  65  5:36  Probe  
  65  5:41  Probe  
  67  5:43  Gateway  
  67  5:44  Gateway  
  67  5:48  Probe  
  68  5:51  Gateway  
  68  5:53  Probe  
  68  5:56  Immortal  
  69  6:00  Probe  
  69  6:01  Charge (Chrono Boost)  
  74  6:05  Probe  
  75  6:12  Probe  
  75  6:14  Probe, Gateway  
  75  6:16  Phoenix  
  75  6:17  Probe  
  78  6:24  Probe  
  78  6:25  Photon Cannon  
  79  6:26  Probe  
  79  6:30  Probe  
  81  6:34  Pylon  
  81  6:35  Observer  
  81  6:36  Probe  
  81  6:38  Probe  
  84  6:42  Probe  
  85  6:47  Assimilator  
  85  6:48  Probe, Gateway  
  85  6:50  Gateway  
  85  6:51  Probe, Assimilator  
  87  6:54  Probe  
  87  6:57  Photon Cannon  
  87  7:00  Pylon, Probe  
  89  7:02  Immortal, Phoenix  
  89  7:03  Protoss Ground Weapons Level 2 (Chrono Boost)  
  93  7:12  Probe  
  93  7:15  Probe x2  
  95  7:19  Pylon  
  95  7:20  Pylon  
  96  7:24  Probe  
  96  7:27  Photon Cannon  
  97  7:36  Templar Archives  
  97  7:37  Nexus  
  97  7:39  Immortal  
  97  7:41  Pylon  
  97  7:49  Pylon  
  101  7:52  Zealot x3  
  107  8:03  Zealot x2  
  107  8:04  Zealot x3  
  117  8:09  Pylon  
  117  8:12  Pylon  
  117  8:13  Immortal  
  117  8:15  High Templar  
  117  8:16  High Templar  
  125  8:20  Archon  
  125  8:21  High Templar  
  125  8:26  High Templar  
  129  8:27  High Templar x4  
  129  8:31  Archon x2  
  129  8:32  Archon  
  111  8:50  Zealot x2  
  111  8:54  Stalker  
  104  8:59  Stalker x2  
  104  9:02  Probe  
  85  9:03  Probe x3  
  85  9:12  Probe, Protoss Ground Weapons Level 3 (Chrono Boost)  
  85  9:14  High Templar  
  85  9:15  Probe x3, High Templar  
  91  9:19  Archon  
  91  9:23  Probe  
  91  9:27  Probe x3  
  91  9:30  Stalker x2  
  91  9:31  Stalker, Immortal  
  101  9:33  Probe  
  106  9:39  Probe  
  106  9:40  Mothership Core  
  106  9:42  Probe  
  106  9:44  Probe, Photon Cannon  
  110  9:46  Sentry  
  110  9:51  Probe  
  114  9:54  Probe x2  
  116  10:01  Probe, Photon Cannon, Pylon  
  116  10:03  Pylon  
  116  10:04  Probe  
  116  10:05  High Templar x2  
  116  10:06  Probe  
  123  10:07  Probe  
  123  10:09  Archon  
  123  10:13  Probe  
  125  10:16  Probe  
  125  10:18  Assimilator  
  125  10:19  Probe, Warp Prism, Assimilator  
  127  10:26  Zealot  
  131  10:31  Stargate  
  131  10:35  Pylon  
  131  10:36  Zealot x3, High Templar x2  
  131  10:40  Archon  
  141  10:50  Immortal  
  145  10:59  High Templar x2  
  145  11:00  Zealot x4  
  145  11:03  Archon  
  155  11:09  Pylon  
  155  11:16  Nexus  
  155  11:18  Pylon  
  155  11:20  Zealot x4  
  155  11:24  Immortal  
  161  11:32  Protoss Shields Level 1 (Chrono Boost)  
  165  11:43  Zealot x7  
  165  11:45  Zealot  
  171  11:58  Immortal  
  171  12:01  Pylon  
  163  12:13  High Templar x4  
  163  12:14  High Templar x4  
  179  12:18  Archon x2  
  179  12:19  Archon  
  179  12:20  Archon  
  179  12:21  Pylon  
  179  12:22  Pylon  
  175  12:32  Immortal  
  171  12:45  Zealot x4  
  171  12:48  Stalker x4  
  174  12:53  Probe  
  174  12:54  Probe x2  
  174  12:55  Probe x2  
  165  13:04  Probe x2  
  159  13:07  Probe x3, Immortal  
  159  13:08  Phoenix  
  159  13:11  Fleet Beacon  
  170  13:15  Probe x2  
  172  13:21  Photon Cannon  
  168  13:41  Immortal  
  156  13:50  High Templar x3  
  156  13:51  High Templar x5  
  172  13:57  Archon x3  
  172  13:58  Archon  
  176  14:13  Pylon  
  176  14:15  Photon Cannon  
  176  14:17  Photon Cannon  
  176  14:18  Photon Cannon  
  176  14:20  Photon Cannon  
  176  14:24  Assimilator  
  176  14:26  Zealot x7  
  176  14:27  Assimilator  
Show
View Real Time Build Order
Export as new Build Order

Strange Protoss 

Build Orders:  

Get SALT Encoding   

  12  0:01  Probe (Chrono Boost)  
  13  0:11  Probe (Chrono Boost)  
  14  0:17  Pylon  
  14  0:22  Probe (Chrono Boost)  
  15  0:35  Probe (Chrono Boost)  
  16  0:37  Gateway  
  16  0:42  Assimilator  
  16  0:46  Probe (Chrono Boost)  
  17  0:51  Assimilator  
  17  0:56  Probe (Chrono Boost)  
  18  1:07  Probe (Chrono Boost)  
  18  1:10  Gateway  
  19  1:17  Probe (Chrono Boost)  
  20  1:24  Cybernetics Core  
  20  1:28  Probe (Chrono Boost)  
  21  1:33  Pylon  
  21  1:38  Probe (Chrono Boost)  
  22  1:49  Probe (Chrono Boost)  
  25  2:01  Stalker, Mothership Core (Chrono Boost)  
  25  2:03  Stalker  
  29  2:10  Warp Gate (Chrono Boost)  
  29  2:14  Pylon  
  29  2:20  Probe  
  30  2:44  Nexus  
  30  2:47  Probe (Chrono Boost)  
  31  2:52  Sentry  
  31  2:53  Sentry  
  35  2:59  Probe (Chrono Boost)  
  35  3:02  Pylon  
  36  3:10  Probe  
  37  3:18  Robotics Facility  
  37  3:23  Probe  
  38  3:30  Twilight Council  
  38  3:35  Probe  
  39  3:47  Probe (Chrono Boost)  
  40  3:58  Probe (Chrono Boost)  
  40  4:01  Stalker x2  
  46  4:03  Probe (Chrono Boost)  
  46  4:04  Blink (Chrono Boost)  
  46  4:08  Probe (Chrono Boost)  
  46  4:11  Probe (Chrono Boost)  
  47  4:20  Probe  
  47  4:23  Observer (Chrono Boost), Probe  
  50  4:32  Forge, Probe  
  50  4:35  Probe (Chrono Boost)  
  53  4:46  Probe (Chrono Boost)  
  53  4:47  Probe (Chrono Boost)  
  53  4:52  Nexus  
  54  4:55  Pylon  
  54  4:56  Protoss Ground Weapons Level 1 (Chrono Boost)  
  54  4:58  Sentry  
  54  4:59  Probe (Chrono Boost)  
  57  5:01  Probe (Chrono Boost)  
  57  5:03  Assimilator  
  58  5:10  Probe  
  58  5:14  Pylon  
  59  5:20  Pylon  
  59  5:24  Probe  
  59  5:25  Probe  
  59  5:27  Immortal (Chrono Boost)  
  65  5:36  Probe  
  65  5:41  Probe, Gateway x2  
  67  5:43  Assimilator  
  67  5:45  Sentry  
  67  5:49  Probe  
  70  5:53  Probe  
  70  5:56  Pylon  
  71  6:01  Probe  
  71  6:02  Immortal (Chrono Boost)  
  76  6:06  Probe x2  
  78  6:13  Probe  
  78  6:16  Probe  
  78  6:18  Probe  
  81  6:19  Pylon  
  81  6:20  Sentry  
  81  6:21  Stalker  
  81  6:25  Probe  
  86  6:27  Probe  
  86  6:30  Probe  
  88  6:33  Protoss Ground Weapons Level 2  
  88  6:36  Immortal (Chrono Boost)  
  92  6:43  Gateway  
  92  6:45  Gateway  
  92  6:50  Gateway  
  92  6:51  Gateway  
  92  6:53  Probe x2  
  94  6:54  Probe  
  95  7:05  Probe  
  95  7:08  Probe, Assimilator  
  97  7:10  Assimilator  
  97  7:15  Pylon, Stalker x4, Warp Prism (Chrono Boost)  
  107  7:24  Pylon  
  107  7:29  Resonating Glaives (Chrono Boost)  
  107  7:30  Gateway, Colossus  
  107  7:31  Gateway  
  107  7:42  Stalker x4  
  115  7:49  Sentry x2, Stalker x2  
  115  7:51  Observer  
  123  7:57  Pylon  
  124  8:05  Pylon  
  124  8:06  Pylon  
  124  8:18  Stalker x5  
  124  8:19  Stalker  
  136  8:21  Zealot x2  
  128  8:41  Adept x3  
  128  8:42  Adept x6  
  128  8:43  Adept  
  77  9:10  Adept x4  
  77  9:11  Sentry, Adept x4  
  77  9:12  Adept  
  95  9:17  Probe  
  95  9:18  Assimilator x2  
  95  9:22  Protoss Ground Weapons Level 3  
  96  9:25  Nexus  
  96  9:27  Pylon  
  96  9:36  Probe x2  
  96  9:47  Probe  
  96  9:48  Probe x2, Warp Prism  
  96  9:49  Stalker x5  
  109  9:59  Probe  
  112  10:00  Probe  
  112  10:03  Stalker x2  
  117  10:10  Stalker x2  
  117  10:14  Stalker  
  123  10:17  Sentry  
  123  10:19  Adept  
  123  10:20  Adept  
  129  10:27  Stalker x2  
  133  10:36  Stalker x2  
  133  10:37  Stalker  
  133  10:39  Stalker  
  133  10:41  Pylon  
  141  10:46  Adept x2  
  144  10:54  Stalker x3  
  148  11:02  Adept x3  
  148  11:03  Adept  
  156  11:05  Adept  
  158  11:14  Stalker x2  
  161  11:18  Adept  
  161  11:19  Adept  
  161  11:25  Adept x4  
  168  11:26  Adept  
  174  11:35  Pylon  
  174  11:38  Adept x2  
  174  11:39  Adept x2  
  172  11:50  Adept x4  
  167  11:58  Adept x3  
  162  12:04  Stalker x2  
  166  12:11  Probe  
  166  12:12  Probe x2  
  169  12:23  Robotics Bay  
  169  12:29  Robotics Facility  
  149  12:50  Stalker x3  
  149  12:51  Stalker x5  
  139  12:58  Probe, Assimilator  
  139  12:59  Probe  
  139  13:00  Assimilator  
  131  13:09  Probe  
  128  13:14  Disruptor (Chrono Boost)  
  128  13:16  Disruptor (Chrono Boost)  
  134  13:21  Adept  
  134  13:22  Adept x2  
  134  13:25  Adept x2  
  133  13:38  Adept x4  
  119  13:47  Disruptor (Chrono Boost)  
  119  13:48  Disruptor (Chrono Boost)  
  114  14:17  Adept x4  
Tags
 
Add a new tag
Caveats
  • Supply blocks, unpowered buildings, or Contaminate may cause inaccurate times.
  • Supply counts are checked every 10 seconds.